AoeStats
← MAREKE

Glade

510359471Analyzed
1v1 RM · 1d ago on Sep 30, 2026· 31m 14s· 2 players
Game mode
Random Map
Map size
Tiny (2 player)
Population
200
Speed
Normal
Resources
Standard
Victory
Conquest
Starting age
Dark Age
Ending age
Imperial Age
RankedLock teamsTeams togetherTeam positionsShared explorationLock speedFull tech treeHidden civsTurbo modeCheats
Victory
Defeat
🇦🇷 Vietnamese · Argentina
836
+16
🇬🇮 Hindustanis · Gibraltar
828
-16
Hasdrubal
9:55 Feudal Age
8:25 Loom
10:40 Double-Bit Axe
11:08 Horse Collar
12:43 Town Watch
17:46 Castle Age
17:02 Wheelbarrow
16:37 Man-at-Arms
18:05 Long Swordsman
19:06 Bow Saw
21:42 Fletching
23:03 Bodkin Arrow
29:41 Imperial Age
31:20 Heavy Plow
MAREKE
8:00 Loom
10:15 Feudal Age
11:51 Double-Bit Axe
17:10 Wheelbarrow
20:20 Castle Age
18:44 Gold Mining
19:08 Fletching
22:10 Bow Saw
23:17 Stone Mining
24:03 Crossbowman
29:02 Thumb Ring
Connection lost

Rejoining the realm…

Still unreachable

The connection could not be restored.

Session expired

The server has moved on; the page needs a fresh start.